 Dungeon Crawl Stone Soup version 0.30-a0-1163-gf69bf04e7a (webtiles) character file.

Game seed: 8709626024756325570

658 sircluck the Chopper (level 7, -12/60 HPs)
             Began as a Minotaur Fighter on Apr 28, 2023.
             Was a Follower of Uskayaw.
             Mangled by an ogre
             ... wielding a +0 giant spiked club
              (19 damage)
             ... on level 4 of the Dungeon.
             The game lasted 00:07:19 (3459 turns).

sircluck the Chopper (Minotaur Fighter)             Turns: 3459, Time: 00:07:20

Health: -12/60     AC: 11    Str: 23    XL:     7   Next: 30%
Magic:  0/6        EV:  9    Int:  5    God:    Uskayaw [*.....]
Gold:   99         SH:  5    Dex: 15    Spells: 6/6 levels left

rFire   . . .        a - +0 war axe
rCold   . . .        c - +0 buckler
rNeg    . . .        n - +0 chain mail
rPois   .            i - +0 hat
rElec   .            (no cloak)
rCorr   .            m - +0 pair of gloves
SInv    .            (no boots)
Will    .....        (no amulet) Stlth
                     g - ring of wizardry
HPRegen 0.30/turn    k - +6 ring of dexterity
MPRegen 0.10/turn

%: wizardry (x1)
@: lethally poisoned (-12 -> -14)
A: horns 2, retaliatory headbutt
a: Renounce Religion, Stomp


You were on level 4 of the Dungeon.
You worshipped Uskayaw.
Uskayaw was noncommittal.
You visited 1 branch of the dungeon, and saw 4 of its levels.

You collected 99 gold pieces.

Inventory:

Hand Weapons
 a - a +0 war axe (weapon)
Missiles
 t - 10 stones (quivered)
 x - 3 datura-tipped darts
Armour
 b - a +0 scale mail
 c - a +0 buckler (worn)
 e - a +0 helmet
 i - a +0 hat (worn)
 m - a +0 pair of gloves (worn)
 n - a +0 chain mail (worn)
Jewellery
 g - a ring of wizardry (left hand)
 k - a +6 ring of dexterity (right hand)
Wands
 o - a wand of roots (6)
 y - a wand of digging (7)
Scrolls
 f - 4 scrolls of identify {unknown}
 j - 2 scrolls of teleportation {unknown}
 l - a scroll of vulnerability {unknown}
 p - a scroll of fear {unknown}
 q - a scroll of immolation {unknown}
 v - a scroll of fog {unknown}
 w - a scroll of amnesia {unknown}
Potions
 d - a potion of ambrosia {unknown}
 h - a potion of berserk rage {unknown}
 r - a potion of curing {unknown}
 s - a potion of heal wounds {unknown}
 u - a potion of attraction {unknown}
 z - a potion of might


   Skills:
 + Level 4.8 Fighting
 + Level 6.7 Axes
 + Level 5.9 Armour
 + Level 2.2 Dodging
 + Level 0.6 Stealth
 + Level 4.5 Shields


You had 6 spell levels left.
You didn't know any spells.
Your spell library was empty.

Dungeon Overview and Level Annotations

Branches:
Dungeon (4/15)
 Temple: D:4-7

Altars:
Cheibriados
Fedhas
Makhleb
Nemelex Xobeh
Uskayaw
Xom
Yredelemnul
Zin


Innate Abilities, Weirdness & Mutations

You have a pair of horns on your head.
You reflexively headbutt those who attack you in melee.


Message History

The scorpion is severely wounded.
You barely miss the ogre. You closely miss the goblin.
You feel very sick.
The scorpion stings you but does no damage.
You block the ogre's attack. You block the goblin's attack.
The scorpion stings you but does no damage.
You can now pass through a line of other dancers.
You stomp with the beat, sending a shockwave through the revellers around you!
The scorpion is almost dead.
The goblin is severely wounded.
The ogre is moderately wounded.
You can no longer pass through a line of other dancers.
You feel sick. The goblin barely misses you.
The scorpion stings you but does no damage.
The ogre hits you but does no damage.
You can now pass through a line of other dancers.
Unknown command.
You slash the scorpion!
You kill the scorpion!
You hit the ogre. You hit the goblin.
You kill the goblin!
You feel sick.
You hit the ogre but do no damage.
The ogre is moderately wounded.
You feel sick.
The ogre hits you with a +0 giant spiked club!
You closely miss the ogre.
The ogre is moderately wounded.
You feel sick.
The ogre hits you with a +0 giant spiked club!!
* * * LOW HITPOINT WARNING * * *
Aiming: Fastroot
Press: ? - help, Q - select action, (/) - cycle Shift-Dir - straight line
Okay, then.
You stomp with the beat, sending a shockwave through the revellers around you!
The ogre is heavily wounded.
You can no longer pass through a line of other dancers.
You feel sick.
The ogre hits you with a +0 giant spiked club!!
You die...

####...#..###.# ...
#.............. ...
#.##.....##>..# ....
#[#.......#.### ...<.
#.#..####.#.# #
.....#+###.#. #.#.# #
...........#######.#.#
#
......O.......†..#.#.#
#
......†@..######.#.#.#
...#..).)..# #......#
#.......+ #..#.###
#.......# #..#.#
######### #..#.#
#..#.# #..#.# #..#.#
#..#^#


You could see an ogre.

Vanquished Creatures
  Grinder (D:3)
  Sigmund (D:2)
  2 scorpions (D:4)
  Ijyb (D:3)
  Natasha (D:3)
  Terence (D:3)
  A gnoll (D:1)
  4 adders
  A worm (D:3)
  5 orcs
  6 ball pythons
  6 bats
  5 endoplasms
  6 giant cockroaches
  8 goblins
  6 hobgoblins
  6 kobolds
  2 quokkas
  3 frilled lizards
  4 rats
70 creatures vanquished.

Notes
Turn   | Place    | Note
-------+----------+-------------------------------------------
     0 | D:1      | sircluck the Minotaur Fighter began the quest for the Orb.
     0 | D:1      | Reached XP level 1. HP: 19/19 MP: 0/0
    98 | D:1      | Reached XP level 2. HP: 27/27 MP: 1/1
   366 | D:2      | Noticed Sigmund
   644 | D:1      | Reached skill level 3 in Axes
   862 | D:1      | Reached XP level 3. HP: 20/33 MP: 2/2
  1486 | D:2      | Killed Sigmund
  1487 | D:2      | Reached skill level 5 in Axes
  1487 | D:2      | Reached skill level 1 in Dodging
  1487 | D:2      | Reached XP level 4. HP: 23/41 MP: 3/3
  1487 | D:2      | Reached XP level 5. HP: 26/47 MP: 4/4
  1948 | D:3      | Noticed Ijyb
  1958 | D:3      | Killed Ijyb
  2095 | D:3      | Found a faded altar of an unknown god.
  2191 | D:3      | Prayed at the altar of an unknown god.
  2191 | D:3      | Became a worshipper of Uskayaw the Reveller
  2191 | D:3      | Reached * piety under Uskayaw
  2285 | D:3      | Found a snail-covered altar of Cheibriados.
  2294 | D:3      | Reached skill level 5 in Armour
  2309 | D:3      | Found a basalt altar of Yredelemnul.
  2364 | D:3      | Reached XP level 6. HP: 53/53 MP: 5/5
  2617 | D:3      | Noticed Grinder
  2622 | D:3      | Reached ** piety under Uskayaw
  2624 | D:3      | Reached *** piety under Uskayaw
  2628 | D:3      | Killed Grinder
  2629 | D:3      | Reached skill level 6 in Axes
  2795 | D:3      | Noticed Terence
  2802 | D:3      | Killed Terence
  3069 | D:3      | Noticed Natasha
  3075 | D:3      | Killed Natasha
  3076 | D:3      | Reached XP level 7. HP: 60/60 MP: 6/6
  3111 | D:3      | Found a sparkling altar of Nemelex Xobeh.
  3296 | D:4      | Found a burning altar of Makhleb.
  3312 | D:4      | Found a shimmering altar of Xom.
  3313 | D:4      | Found a glowing silver altar of Zin.
  3314 | D:4      | Found a blossoming altar of Fedhas.
  3459 | D:4      | Mangled by an ogre

Illustrated notes

Levels and vault maps discovered:
D:1:      lemuel_arrival_rhombus, layout_basic
D:2:      layout_basic, hangedman_decor_push, uniq_sigmund
D:3:      layout_basic, nemelex_dance_club_becter, mainiacjoe_overflow_alcove_1,
          cheibriados_altar_2, ebering_ecumenical_altar_box, minmay_pentangle,
          uniq_ijyb, uniq_natasha, uniq_terence, uniq_grinder
D:4:      layout_basic, nicolae_wu_jian_immortal_techniques,
          nicolae_overflow_hidden_temple, mainiacjoe_overflow_alcove_3,
          uniq_duvessa

Skill      XL: |  1  2  3  4  5  6 |
---------------+-------------------+-----
Fighting       | 4 |  4.8
Armour         | 4 5 |  5.9
Axes           | 3 5 6 |  6.7
Shields        | 4 |  4.5
Dodging        | 1 2 |  2.2
Stealth        | |  0.6

Action                     |  1- 3 |  4- 6 |  7- 9 || total
---------------------------+-------+-------+-------++-------
  Melee: War axe           |    64 |    63 |    27 ||   154
         Headbutt          |     4 |    14 |     6 ||    24
 Invoke: Stomp             |       |       |     2 ||     2
  Evoke: Wand              |       |       |     1 ||     1
    Use: Scroll            |     2 |       |       ||     2
         Potion            |     1 |       |       ||     1
   Stab: Paralysed         |       |     1 |       ||     1
 Armour: Scale mail        |    32 |       |       ||    32
         Chain mail        |     4 |    24 |    10 ||    38
  Dodge: Dodged            |    38 |    21 |    10 ||    69
  Block: Buckler           |    15 |    17 |     8 ||    40

Table legend: (Time is in decaauts)
 A = Elapsed time spent in this place.
 B = Non-inter-level travel time spent in this place.
 C = Inter-level travel time spent in this place.
 D = Time resting spent in this place.
 E = Time spent auto-exploring this place.
 F = Levels seen in this place.
 G = Mean time per level.
                   A        B        C        D        E       F      G
               +--------+--------+--------+--------+--------+-----+--------+
         Total |   3524 |   2873 |    651 |    221 |   1980 |   4 |  881.0 |
       Dungeon |   3524 |   2873 |    651 |    221 |   1980 |   4 |  881.0 |
               +--------+--------+--------+--------+--------+-----+--------+

Top non-repeatable levels by time:
     D:3: 1279 daAuts
     D:1: 1076 daAuts
     D:2: 893 daAuts
     D:4: 274 daAuts
